 Dungeon Crawl Stone Soup version 0.19-a0-628-g9200b3b (webtiles) character file.

647 Stormphoenix the Basher (level 7, 0/77 HPs)
             Began as an Ogre Fighter on June 13, 2016.
             Was a Priest of Ru.
             Succumbed to a scorpion's poison
             ... on level 4 of the Dungeon.
             The game lasted 00:10:05 (4669 turns).

Stormphoenix the Basher (Ogre Fighter)              Turns: 4669, Time: 00:10:05

Health: 0/77       AC:  4    Str: 23 (24) XL:     7   Next: 52%
Magic:  7/7        EV: 10    Int:  5 (7)  God:    Ru [***...]
Gold:   139        SH:  0    Dex:  7 (9)  Spells: 0 memorised, 6 levels left

rFire  + . .     SeeInvis +     f - +0 giant spiked club
rCold  . . .     Gourm    .     b - +0 robe
rNeg   . . .     Faith    .     (shield currently unavailable)
rPois  +         Spirit   .     (helmet restricted)
rElec  .         Dismiss  .     d - +0 cloak
rCorr  .         Reflect  .     (gloves unavailable)
SustAt .         Harm     .     (boots unavailable)
MR     .....                    (no amulet)
Stlth  +.........               (no ring)
                                (no ring)

@: lethally poisoned (0 -> -2), drained, not resistant to hostile enchantments,
very unstealthy
A: unfitting armour, see invisible, fire resistance 1, poison resistance, robust
1, tough skin 1, no device heal 1, inability to use devices
a: Draw Out Power, Renounce Religion


You were on level 4 of the Dungeon.
You worshipped Ru.
Ru was most pleased with you.
You were not hungry.

You visited 1 branch of the dungeon, and saw 4 of its levels.

You collected 139 gold pieces.

Inventory:

Hand Weapons
 f - a +0 giant spiked club (weapon)
Armour
 b - a +0 robe (worn)
 c - a steam dragon hide
 d - a +0 cloak (worn)
Scrolls
 a - 2 scrolls of teleportation
 j - a scroll of identify
 m - a scroll of blinking
Potions
 g - a potion of cancellation
 i - 2 potions of flight
 l - a potion of haste
Comestibles
 h - a bread ration
 k - a chunk of flesh


   Skills:
 - Level 4.0(3.7) Fighting
 + Level 10.6(10.3) Maces & Flails
 - Level 2.6(2.4) Dodging
   Level 2.6(2.4) Shields


You had 6 spell levels left.
You didn't know any spells.

Dungeon Overview and Level Annotations

Branches:
Dungeon (4/15)
 Temple: D:4-7

Altars:
Cheibriados
Pakellas
Ru
Yredelemnul
Zin


Innate Abilities, Weirdness & Mutations

You are too large for most types of armour.
You have tough skin. (AC +1)
You cannot study or use magical devices.
You have supernaturally acute eyesight. (SInv)
Your flesh is heat resistant. (rF+)
Your system is resistant to poisons. (rPois)
You are robust. (+10% HP)
Potions and wands are less effective at restoring your health.


Message History

You feel sick. The hound bites you.
* * * LOW HITPOINT WARNING * * *
The hound barely misses you.
You barely miss the hound.
The hound is lightly wounded.
You feel sick. The hound closely misses you. The hound bites you.
* * * LOW HITPOINT WARNING * * *
You closely miss the hound.
The hound is lightly wounded.
The hound bites you.
* * * LOW HITPOINT WARNING * * *
The hound bites you.
* * * LOW HITPOINT WARNING * * *
The hound bites you but does no damage.
You're too exhausted to draw out your power.
Okay, then.
You barely miss the hound.
The hound is lightly wounded.
You feel less exhausted.
You die...

... ... ###.... +##
.......... ...
......... ## ..........
#. . ........... #.
....######(......... #.
......h@)..........# #.
..%.#####..........# #.
.. #..........##+#.
...#####[...####.......
.....!.[....####.......
###....#..............
+....+....###.......
#....####.# #.......
#....# #.# #.......


You could see a hound.

Vanquished Creatures
  The ghost of Stormphoenix the Cudgeler, an amateur OgFi (D:3)
  2 ogres (D:4)
  A scorpion (D:4)
  Crazy Yiuf (D:3)
  An orc priest (D:4)
  Ijyb (D:2)
  2 orc wizards
  4 gnolls (D:3)
  5 adders
  An ooze (D:3)
  An adder skeleton (D:4)
  3 worms (D:2)
  7 dart slugs
  4 giant geckos
  8 orcs
  5 giant cockroaches
  4 goblins
  11 hobgoblins
  3 jackals (D:3)
  7 bats
  7 giant newts
  2 gnoll zombies (D:2)
  8 kobolds
  2 quokka skeletons (D:4)
  7 rats
98 creatures vanquished.

Notes
Turn   | Place    | Note
--------------------------------------------------------------
     0 | D:1      | Stormphoenix the Ogre Fighter began the quest for the Orb.
     0 | D:1      | Reached XP level 1. HP: 24/24 MP: 1/1
    34 | D:1      | Reached skill level 3 in Maces & Flails
   201 | D:1      | Reached XP level 2. HP: 32/32 MP: 2/2
   260 | D:1      | Reached skill level 4 in Maces & Flails
   339 | D:1      | You fall through a shaft!
   777 | D:2      | Reached XP level 3. HP: 39/39 MP: 3/3
   778 | D:2      | Found a snail-covered altar of Cheibriados.
   791 | D:2      | Noticed Ijyb
   809 | D:2      | Killed Ijyb
   809 | D:2      | Reached skill level 5 in Maces & Flails
   973 | D:2      | Reached XP level 4. HP: 27/48 MP: 4/4
  1562 | D:2      | Found a glowing silver altar of Zin.
  1562 | D:2      | Noticed an angel
  1635 | D:2      | Reached skill level 6 in Maces & Flails
  1753 | D:2      | Found a basalt altar of Yredelemnul.
  2039 | D:3      | Found a sacrificial altar of Ru.
  2255 | D:3      | Became a worshipper of Ru the Awakened
  2349 | D:3      | Reached XP level 5. HP: 40/54 MP: 5/5
  2392 | D:3      | Reached skill level 7 in Maces & Flails
  2748 | D:3      | Gained mutation: You have supernaturally acute eyesight. (SInv) [potion of beneficial mutation]
  3029 | D:3      | Gained mutation: Your flesh is heat resistant. (rF+) [potion of beneficial mutation]
  3097 | D:3      | Found an oddly glowing altar of Pakellas.
  3103 | D:3      | Noticed Stormphoenix's ghost (amateur OgFi)
  3118 | D:3      | Killed Stormphoenix's ghost
  3118 | D:3      | Reached skill level 8 in Maces & Flails
  3118 | D:3      | Reached XP level 6. HP: 15/62 MP: 6/6
  3762 | D:3      | Noticed Crazy Yiuf
  3768 | D:3      | Killed Crazy Yiuf
  3768 | D:3      | Reached skill level 9 in Maces & Flails
  4364 | D:4      | Reached XP level 7. HP: 55/70 MP: 7/7
  4527 | D:4      | Gained mutation: You cannot study or use magical devices. [Ru sacrifice]
  4527 | D:4      | Reached * piety under Ru
  4527 | D:4      | Reached ** piety under Ru
  4527 | D:4      | Reached *** piety under Ru
  4606 | D:4      | Reached skill level 10 in Maces & Flails
  4658 | D:4      | Gained mutation: Potions and wands are less effective at restoring your health. [potion of mutation]
  4658 | D:4      | Gained mutation: You are robust. (+10% HP) [potion of mutation]
  4658 | D:4      | Gained mutation: Your system is resistant to poisons. (rPois) [potion of mutation]
  4668 | D:4      | HP: 1/77 [hound (6)]
  4669 | D:4      | Succumbed to a scorpion's poison

Vault maps used:
D:1:      lightli_arrival_isolated_outpost, fountainhead
D:2:      zin_angel, kennysheep_slug_shrine, lemuel_zombie_altar_yredelemnul,
          uniq_iyjb
D:3:      grunt_pakellas_sulfur, nicolae_ru_great_annihilating_truth,
          uniq_crazy_yiuf_cottage
D:4:      nemelex_altar_shiori, temple_doors_e, first_bread,
          minmay_gold_behind_fungi

Skill      XL: |  1  2  3  4  5  6  7 |
---------------+----------------------+-----
Maces & Flails | 3 4 5 6 8 9 10 | 10.6
Fighting       | |  4.0
Dodging        | |  2.6
Shields        | |  2.6

Action                   |  1- 3 |  4- 6 |  7- 9 || total
-------------------------+-------+-------+-------++-------
Melee: Flail             |    65 |       |       ||    65
       Great mace        |    28 |   196 |       ||   224
       Giant spiked club |       |       |    47 ||    47
Invok: Draw Out Power    |       |       |     1 ||     1
       Sacrifice Artific |       |       |     1 ||     1
  Use: Scroll            |     2 |     6 |       ||     8
       Potion            |     1 |    10 |     1 ||    12
 Stab: Sleeping          |       |     3 |       ||     3
       Invisible         |       |     1 |       ||     1
       Paralysed         |       |     1 |       ||     1
  Eat: Chunk             |       |     7 |     1 ||     8
       Bread ration      |       |     1 |       ||     1
Armor: Robe              |    28 |    59 |     9 ||    96
Dodge: Dodged            |    43 |   124 |    23 ||   190
Block: Shield            |    35 |       |       ||    35
